cohdb
Replays
Latest Replays
All Replays
Popular Replays
Top Player Replays
Match Explorer
How It Works
Community
CoH3 Stats
Reddit
Sign in to upload your games and track your stats! →
Sign in with Steam
Match 20269716
Unlisted
Match 20269716
Overview
Messages
Build Orders
End
Vickers Machine Gun Team
Construct Section Command Post
Selects Air and Sea Battlegroup
Royal Engineer Section
ML 3-inch Mortar Team
Infantry Section
Grenade Package
Construct Platoon Command Post
Selects Commando Section Paradrop
Humber Armored Car
Infantry Section
Selects M1 Pack Howitzer Paradrop
6-pounder Anti-tank Gun Team
Construct Company Command Post
Selects Incendiary Bombing Run
Matilda II Heavy Tank
CMP 15cwt Truck
Incendiary Bombing Run
gb_gbg
SneaKerz
Wolf
AlexPayne
0
0
Comments
sign in to comment!
No comments posted yet!